 Dungeon Crawl Stone Soup version 0.31-a0-152-g6aa68a64a1 (webtiles) character file.

Game seed: 8511285081467206288

465 qw the Skirmisher (level 6, 0/55 HPs)
             Began as a Minotaur Hunter on June 10, 2023.
             Shot with an arrow by a centaur (5 damage)
             ... on level 5 of the Dungeon.
             The game lasted 00:01:00 (3098 turns).

qw the Skirmisher (Minotaur Hunter)                 Turns: 3098, Time: 00:01:01

Health: 0/55       AC:  5    Str: 16    XL:     6   Next: 80%
Magic:  5/5        EV: 11    Int:  6    God:
Gold:   160        SH:  0    Dex: 15    Spells: 5/5 levels left

rFire   . . .        Y - +1 shortbow
rCold   . . .        (shield currently unavailable)
rNeg    . . .        d - +0 ring mail
rPois   .            (helmet restricted)
rElec   .            (no cloak)
rCorr   .            (no gloves)
SInv    .            (no boots)
Will    +....        (no amulet)
Stlth   +            g - ring of willpower
HPRegen 0.29/turn    (no ring)
MPRegen 0.09/turn

%: no passive effects
@: lethally poisoned (0 -> -3)
A: horns 2, retaliatory headbutt
a: no special abilities


You were on level 5 of the Dungeon.
You visited 2 branches of the dungeon, and saw 6 of its levels.

You collected 160 gold pieces.


Innate Abilities, Weirdness & Mutations

You have a pair of horns on your head.
You reflexively headbutt those who attack you in melee.


   Skills:
 + Level 4.9 Fighting
 - Level 8.0 Ranged Weapons
 - Level 1.0 Armour
 - Level 2.1 Dodging
 - Level 0.7 Stealth


You had 5 spell levels left.
You didn't know any spells.
Your spell library was empty.

Inventory:

Hand Weapons
 Y - a +1 shortbow (weapon)
Armour
 d - a +0 ring mail (worn)
Jewellery
 g - a ring of willpower (left hand)
Scrolls
 a - a scroll of identify
 j - a scroll of enchant armour
Potions
 e - a potion of attraction {unknown}
 h - a potion of curing
 i - a potion of lignification {unknown}
 k - a potion of cancellation {unknown}

Dungeon Overview and Level Annotations

Branches:
Dungeon (5/15)             Temple (1/1) D:4

Altars:
Ashenzari
Cheibriados
Dithmenos
Hepliaklqana
Kikubaaqudgha
Makhleb
Qazlal
Ru
Sif Muna
Trog
Uskayaw
Wu Jian
Xom
Zin
The Shining One


Message History

The gnoll barely misses you. The gnoll hits you with a +0 club.
You shoot an arrow. The arrow hits the gnoll!
The gnoll is almost dead.
You shoot an arrow.
The arrow closely misses the gnoll bouda.
You shoot an arrow. The arrow hits the gnoll bouda!
The gnoll bouda is moderately wounded.
Your surroundings suddenly seem different.
A jelly and an orc come into view.
Found a hand axe.
The orc hits you with a +0 flail.
You shoot an arrow. The jelly quivers.
The arrow hits the orc.
The orc is almost dead.
An adder comes into view.
The orc hits you with a +0 flail.
You shoot an arrow. The arrow closely misses the orc.
The orc hits you with a +0 flail. The jelly hits you but does no damage.
You shoot an arrow. The arrow hits the orc!
You kill the orc!
The jelly closely misses you.
You shoot an arrow. The arrow hits the jelly.
The jelly is heavily wounded.
The gnoll closely misses you. The jelly barely misses you.
You shoot an arrow. The arrow hits the jelly!
You kill the jelly!
The gnoll hits you from afar with a +0 spear.
You shoot an arrow. The arrow hits the adder.
The adder is moderately wounded.
The adder closely misses you. The gnoll barely misses you. The adder bites you.
You are poisoned.
The adder poisons you!
The gnoll hits you from afar with a +0 spear.
You shoot an arrow. The arrow misses the adder.
You feel sick. The adder bites you.
The gnoll hits you from afar with a +0 spear.
You shoot an arrow. The arrow closely misses the adder.
You feel sick.
The centaur shoots an arrow.
The arrow barely misses you. The adder barely misses you.
The centaur shoots an arrow.
The arrow hits you.
You die...

.# .# .# .# .#
##.## #)..#
#@).# #S..#
...gc# #.#.#.#
.. .#..# ..#
.##...#### ##
..
#.g)g#####..
#.
####g......#
##
###...c#######


You could see a centaur, 2 gnolls and an adder.

Vanquished Creatures
  A black bear (D:4)
  2 phantoms (D:3)
  A howler monkey (D:4)
  2 hounds
  A jelly (D:5)
  2 gnolls (D:5)
  2 adders (D:2)
  An ufetubus (D:4)
  3 worms
  A dart slug (D:1)
  2 orcs
  7 endoplasms
  A giant cockroach (D:4)
  7 hobgoblins
  A quokka (D:5)
  4 ball pythons
  3 bats
  3 frilled lizards
  3 goblins
  4 kobolds
  4 rats
55 creatures vanquished.

Notes
Turn   | Place    | Note
-------+----------+-------------------------------------------
     0 | D:1      | qw the Minotaur Hunter began the quest for the Orb.
     0 | D:1      | Reached XP level 1. HP: 18/18 MP: 0/0
     0 | D:1      | 0 ||| qw: Version: 0.2-a-122-gbc61b45
     0 | D:1      | 0 ||| qw: Game counter: 3507
     0 | D:1      | 0 ||| qw: Always use a shield: true
     0 | D:1      | 0 ||| qw: God list: Okawaru
     0 | D:1      | 0 ||| qw: Allow faded altars: false
     0 | D:1      | 0 ||| qw: Do Orc after D:15 true
     0 | D:1      | 0 ||| qw: Do second Lair branch before Depths: true
     0 | D:1      | 0 ||| qw: Lair rune preference: random
     0 | D:1      | 0 ||| qw: Plans: Normal
     0 | D:1      | 0 ||| PLANNING D:1-11
     1 | D:1      | Noticed a vine stalker
     2 | D:1      | Noticed a demonspawn
     4 | D:1      | Noticed a human
     5 | D:1      | Noticed a gargoyle
     6 | D:1      | Noticed a human
     7 | D:1      | Noticed a barachi
     8 | D:1      | Noticed a vine stalker
    12 | D:1      | Noticed a formicid
    12 | D:1      | Noticed an ogre
    14 | D:1      | Noticed a naga
    14 | D:1      | Noticed a vine stalker
    16 | D:1      | Noticed a dwarf
    16 | D:1      | Noticed an octopode
    16 | D:1      | Noticed a vampire
    20 | D:1      | Noticed a vampire
   172 | D:1      | 172 ||| FLEEEEING.
   185 | D:1      | Reached skill level 5 in Ranged Weapons
   185 | D:1      | Reached XP level 2. HP: 25/25 MP: 1/1
   383 | D:1      | 383 ||| READING 2 scrolls labelled XIAC TEDWY.
   384 | D:1      | 384 ||| DROPPING scroll of butterflies.
   592 | D:2      | HP: 5/25 [adder (3)]
   594 | D:2      | Reached skill level 3 in Fighting
   808 | D:2      | Reached XP level 3. HP: 31/31 MP: 2/2
  1005 | D:2      | 1005 ||| UPGRADING to +0 ring mail.
  1015 | D:2      | 1015 ||| DROPPING +0 leather armour.
  1016 | D:2      | 1016 ||| UPGRADING to ring of willpower.
  1017 | D:2      | 1017 ||| READING scroll labelled ZENYEM KELO.
  1018 | D:2      | 1018 ||| READING scroll labelled VIFUBB ASKIAM.
  1019 | D:2      | 1019 ||| READING scroll labelled ZUOCKAS XAICIERR.
  1022 | D:2      | 1022 ||| READING scroll labelled ACROILOBERU.
  1123 | D:2      | 1123 ||| READING 3 scrolls of identify.
  1123 | D:2      | 1123 ||| IDENTIFYING puce potion
  1220 | D:3      | 1220 ||| READING 3 scrolls labelled ISYMMOH SIBBUG.
  1290 | D:3      | Reached skill level 1 in Armour
  1335 | D:3      | Found a glowing silver altar of Zin.
  1379 | D:3      | Noticed a phantom
  1386 | D:3      | Killed a phantom
  1387 | D:3      | Reached skill level 6 in Ranged Weapons
  1387 | D:3      | Reached XP level 4. HP: 35/38 MP: 3/3
  1403 | D:3      | Noticed a phantom
  1414 | D:3      | Killed a phantom
  1415 | D:3      | Reached XP level 5. HP: 27/47 MP: 4/4
  1817 | D:3      | Found a broken altar of Ashenzari.
  1853 | D:3      | 1853 ||| READING 2 scrolls labelled UNOTHR LYNEOZI.
  1854 | D:3      | 1854 ||| READING 2 scrolls of identify.
  1854 | D:3      | 1854 ||| IDENTIFYING fuming golden potion
  1855 | D:3      | 1855 ||| DROPPING 2 scrolls of immolation.
  1856 | D:3      | 1856 ||| DROPPING scroll of amnesia.
  1897 | D:4      | Found a shadowy altar of Dithmenos.
  1949 | D:4      | Noticed a black bear
  1957 | D:4      | Killed a black bear
  1958 | D:4      | Reached skill level 7 in Ranged Weapons
  1958 | D:4      | Reached XP level 6. HP: 45/53 MP: 5/5
  2337 | D:4      | Found a staircase to the Ecumenical Temple.
  2338 | D:4      | 2338 ||| PLANNING TEMPLE
  2445 | D:4      | 2445 ||| READING scroll labelled DYDUOMUFIX.
  2480 | Temple   | Entered the Ecumenical Temple
  2655 | Temple   | 2655 ||| PLANNING D:1-11
  2984 | D:4      | 2984 ||| READING scroll labelled YDUODW ASIRUREDUDD.
  3020 | D:5      | Entered Level 5 of the Dungeon
  3081 | D:5      | Reached skill level 8 in Ranged Weapons
  3082 | D:5      | 3082 ||| Stepping ~*~*~tactically~*~*~ (outnumbered).
  3085 | D:5      | HP: 1/53 [gnoll/+2 heavy flail[a gnoll bouda] (15)]
  3086 | D:5      | 3086 ||| READING scroll of teleportation.
  3087 | D:5      | 3087 ||| DRINKING potion of heal wounds.
  3095 | D:5      | HP: 13/53 [gnoll/+0 spear[a gnoll bouda] (4)]
  3098 | D:5      | HP: 5/55 [poisoned by an adder]
  3098 | D:5      | Shot with an arrow by a centaur

Levels and vault maps discovered:
D:1:      shiori_arrival_whats_in_store_for_you, layout_rooms
D:2:      layout_basic
D:3:      layout_basic, zin_academy, ashenzari_conservatory_becter,
          serial_glass, glass_columns_a, glass_columns_b, glass_columns_a,
          glass_columns_a, glass_columns_b, glass_columns_c
D:4:      layout_loops_corners, grunt_dithmenos_smoke_and_mirrors, temple_pool_b
D:5:      minmay_general_purpose_star, layout_loops_ring, old_standard_altar,
          hangedman_abyss_or_decor_slice, minmay_fractal_squares_diagonal_5,
          uniq_ijyb, uniq_grinder
Temple:   nicolae_temple_bog_church

Skill      XL: |  1  2  3  4  5  6 |
---------------+-------------------+-----
Ranged Weapons | 5 6 7 8 |  8.0
Fighting       | 3 4 |  4.9
Armour         | 1 |  1.0
Dodging        | |  2.1
Stealth        | |  0.7

Action                     |  1- 3 |  4- 6 || total
---------------------------+-------+-------++-------
   Fire: Shortbow          |    74 |   120 ||   194
    Use: Scroll            |     7 |     5 ||    12
         Potion            |       |     1 ||     1
 Armour: Leather armour    |     4 |       ||     4
         Ring mail         |       |    20 ||    20
  Dodge: Dodged            |    20 |    44 ||    64

Table legend:
 A = Non-vault XP
 B = Vault XP
 C = Vault XP percentage of total XP
 D = Non-vault monster count
 E = Vault monster count
 F = Vault count percentage of total count
                 A         B        C        D         E       F
            +---------+---------+-------+---------+---------+-------
      Total |     622 |      43 |   6.5 |      53 |       2 |   3.6
            +---------+---------+-------+---------+---------+-------
        D:1 |      17 |       0 |   0.0 |      10 |       0 |   0.0
        D:2 |      36 |       0 |   0.0 |       8 |       0 |   0.0
        D:3 |     237 |       0 |   0.0 |      16 |       0 |   0.0
        D:4 |     261 |       0 |   0.0 |      15 |       0 |   0.0
        D:5 |      71 |      43 |  37.7 |       4 |       2 |  33.3
            +---------+---------+-------+---------+---------+-------
